 Dungeon Crawl Stone Soup version 0.18-a0-20-gaede791 (webtiles) character file.

4 Geomchi the Sneak (level 1, -1/9 HPs)
             Began as a Spriggan Enchanter on Nov 2, 2015.
             Slain by a giant gecko (4 damage)
             ... on level 1 of the Dungeon.
             The game lasted 00:00:54 (354 turns).

Geomchi the Sneak (Spriggan Enchanter)               Turns: 354, Time: 00:00:54

Health: -1/9       AC:  3    Str:  4    XL:     1   Next: 50%
Magic:  3/5        EV: 18    Int: 16    God:
Gold:   39         SH:  0    Dex: 14    Spells: 1 memorised, 4 levels left

rFire  . . .     SeeInvis +     g - +1 dagger
rCold  . . .     Clarity  .     b - +1 robe
rNeg   . . .     SustAt   +     (shield restricted)
rPois  .         Gourm    .     (helmet restricted)
rElec  .         Spirit   .     (no cloak)
rCorr  .         Warding  .     (gloves unavailable)
rMut   .         Stasis   .     (boots unavailable)
MR     .....                    (no amulet)
Stlth  +++.......               a - ring of sustain attributes
                                l - -2 ring of dexterity (curse)

@: very slightly contaminated, very quick, not resistant to hostile
enchantments, fairly stealthy
A: unfitting armour, see invisible, herbivore 3, speed 3, slow metabolism 2
a: no special abilities


You were on level 1 of the Dungeon.
You were not hungry.

You visited 1 branch of the dungeon, and saw 1 of its levels.

You collected 39 gold pieces.

Inventory:

Hand Weapons
 f - a +0 dagger of flaming
 g - a +1 dagger (weapon)
Armour
 b - a +1 robe (worn)
Jewellery
 a - a ring of sustain attributes (right hand)
 l - a cursed -2 ring of dexterity (left hand)
Scrolls
 i - a scroll of recharging
Potions
 e - a potion of degeneration {unknown}
 h - 2 potions of heal wounds {unknown}
 j - a potion of flight {unknown}
 k - a potion of curing {unknown}
Books
 c - a book of Maledictions

   Spells                             Type                      Level
   a - Corona                         Hexes                        1
   b - Ensorcelled Hibernation        Hexes/Ice                    2
   c - Confuse                        Hexes                        3
   d - Tukima's Dance                 Hexes                        3
   e - Dazzling Spray                 Conjuration/Hexes            3
Comestibles
 d - a bread ration {@e1}


   Skills:
 + Level 1.5 Short Blades
 - Level 3.0 Dodging
 * Level 4.6 Stealth
 - Level 2.6 Spellcasting
 - Level 3.6 Hexes


You had 4 spell levels left.
You knew the following spells:

 Your Spells              Type           Power        Failure   Level  Hunger
a - Corona                Hex            ##.....      6%          1    #......


Dungeon Overview and Level Annotations

Branches:
Dungeon (1/15)

Altars:


Innate Abilities, Weirdness & Mutations

You are tiny and cannot use many weapons and most armour.
You have supernaturally acute eyesight.
You are a herbivore.
You cover ground extremely quickly.
You need consume almost no food.


Message History

You miscast Corona.
You are very lightly contaminated with residual magic.
You hear an indistinct dissonance whispering inside your mind.
You now have 4/5 mp.
You hit the kobold but do no damage. The kobold barely misses you.
You closely miss the kobold. The kobold misses you.
You miss the giant gecko. The giant gecko closely misses you.
The kobold throws a stone.
The stone hits you but does no damage.
Aim: a kobold, wielding a whip (chance to defeat MR: 83%)
The giant gecko is outlined in light.
The giant gecko completely misses you.
You now have 3/5 mp.
You hit the giant gecko. The giant gecko barely misses you.
You closely miss the giant gecko. The giant gecko bites you.
You take 2 damage, and have 7/9 hp.
MASSIVE DAMAGE!!
You barely miss the giant gecko. The giant gecko bites you.
You take 4 damage, and have 3/9 hp.
MASSIVE DAMAGE!!
You closely miss the giant gecko.
The giant gecko hisses menacingly.
The giant gecko bites you.
You die...

§§≈≈#.#§§§≈≈#
#.......# ####..
§§≈≈#.#§§§≈##
#.......# #.#
#########
#.......#########
+................
#.......#########
#.......# #...
#>.†....# #.#.
#.#####lK.....#
#.##
#.....@########
#.## ######.#
#.## #.# #.# #.#
#.# #.# #.# #.#
#.#
#.#############.#
#...............#
#################


You could see a giant gecko and a kobold.

Vanquished Creatures
  A bat (D:1)
  3 goblins (D:1)
  A rat (D:1)
5 creatures vanquished.

Notes
Turn   | Place    | Note
--------------------------------------------------------------
     0 | D:1      | Geomchi the Spriggan Enchanter began the quest for the Orb.
     0 | D:1      | Reached XP level 1. HP: 9/9 MP: 5/5
   354 | D:1      | Slain by a giant gecko

Vault maps used:
D:1:      saegor_arrival_miasma, interstate_on_off, minmay_misc_feat_chi,
          minmay_misc_feat_hallway, minmay_door_square

Action                   || total
-------------------------++-------
Melee: Dagger            ||    14
 Cast: Corona            ||     4
  Use: Scroll            ||     1
 Stab: Sleeping          ||     2
